 Dungeon Crawl Stone Soup version 0.31-a0-193-gdfe2569204 (webtiles) character file.

Game seed: 18231608501230592093

255129 qw the Acrobat (level 19, -19/128 HPs)
             Began as a Deep Elf Hunter on June 23, 2023.
             Was a High Priest of Okawaru.
             Demolished by a vault warden
             ... wielding a +3 war axe
              (42 damage)
             ... on level 1 of the Vaults.
             The game lasted 00:14:19 (29240 turns).

qw the Acrobat (Deep Elf Hunter)                   Turns: 29240, Time: 00:14:20

Health: -19/128    AC: 25    Str: 18    XL:     19   Next: 42%
Magic:  28/28      EV: 38    Int: 20    God:    Okawaru [*****.]
Gold:   1226       SH:  0    Dex: 29    Spells: 18/18 levels left

rFire   + + +        f - +6 arbalest "Damnation" {damnation}
rCold   + . .        (shield currently unavailable)
rNeg    + . .        d - +5 ring mail "Ymamp" {rF+}
rPois   +            a - +2 helmet
rElec   +            k - +0 cloak of Generosity {rF++ Dex+3}
rCorr   +            p - +2 pair of gloves
SInv    .            r - +1 pair of boots "Dumakheo" {rN+ Str+4 Int+3}
Will    ++...        m - amulet of faith
Stlth   +++          y - ring "Beetaann" {Fly rPois Will+ rCorr Dex+2}
HPRegen 0.41/turn    t - +6 ring of dexterity
MPRegen 0.21/turn

%: faith
@: about to teleport, resistant, heroic, flying, slowed, very slow
A: no striking features
}: 1/15 runes: gossamer
a: Renounce Religion, Heroism, Finesse, Duel


You were on level 1 of the Vaults.
You worshipped Okawaru.
Okawaru was extremely pleased with you.
You visited 7 branches of the dungeon, and saw 32 of its levels.
You also visited: Gauntlet.

You collected 3210 gold pieces.
You spent 1984 gold pieces at shops.


   Skills:
 + Level 17.0(22.0) Fighting
 - Level 22.0(27) Ranged Weapons
 - Level 11.0(16.0) Armour
 - Level 22.0(27) Dodging
 - Level 1.2(6.2) Stealth
 - Level 10.0 Invocations


You had 18 spell levels left.
You didn't know any spells.
Your spell library was empty.

Inventory:

Hand Weapons
 f - the +6 arbalest "Damnation" (weapon) {damnation}
   (You found it on level 3 of the Dungeon)
 n - the +11 longbow of Taxation {antimagic, rF- Dex+8}
   (Okawaru gifted it to you on level 3 of the Lair of Beasts)

   Dex:       It affects your dexterity (+8).
   rF:        It makes you vulnerable to fire.
Armour
 a - a +2 helmet (worn)
 d - the +5 ring mail "Ymamp" (worn) {rF+}
   (You took it off an orc on level 7 of the Dungeon)

   rF:        It protects you from fire.
 k - the +0 cloak of Generosity (worn) {rF++ Dex+3}
   (You found it on level 10 of the Dungeon)

   Dex:       It affects your dexterity (+3).
   rF:        It greatly protects you from fire.
 p - a +2 pair of gloves (worn)
 r - the +1 pair of boots "Dumakheo" (worn) {rN+ Str+4 Int+3}
   (Okawaru gifted it to you on level 13 of the Dungeon)

   Str:       It affects your strength (+4).
   Int:       It affects your intelligence (+3).
   rN:        It protects you from negative energy.
 z - a +2 pair of boots of flying
Jewellery
 m - an amulet of faith (around neck)
 t - a +6 ring of dexterity (right hand)
 u - a ring of protection from fire
 x - an amulet of reflection
 y - the ring "Beetaann" (left hand) {Fly rPois Will+ rCorr Dex+2}
   (You bought it in a shop on level 13 of the Dungeon)

   [ring of poison resistance]

   Dex:       It affects your dexterity (+2).
   rPois:     It protects you from poison.
   Fly:       It grants you flight.
   rCorr:     It protects you from acid and corrosion.
   Will:      It increases your willpower.
 Y - a +5 ring of evasion
Wands
 q - a wand of digging (8)
Scrolls
 c - 5 scrolls of teleportation
 j - 14 scrolls of identify
 s - 3 scrolls of enchant weapon
Potions
 b - 8 potions of haste
 g - 4 potions of might
 h - a potion of resistance
 i - 8 potions of curing
 l - a potion of magic
 o - 5 potions of mutation
 v - a potion of cancellation
 w - 2 potions of enlightenment

Dungeon Overview and Level Annotations

Branches:
Dungeon (15/15)            Temple (1/1) D:7            Lair (5/5) D:11
 Shoals (4/4) Lair:3       Spider (4/4) Lair:2        Slime (0/5) Lair:4
    Orc (2/2) D:11            Elf (0/3) Orc:2        Vaults (1/5) D:13
 Depths (0/4) D:15        Gauntlet (visited)

Altars:
Ashenzari
Cheibriados
Dithmenos
Elyvilon
Fedhas
Gozag
Hepliaklqana
Kikubaaqudgha
Makhleb
Nemelex Xobeh
Okawaru
Qazlal
Ru
Sif Muna
Trog
Uskayaw
Vehumet
Wu Jian
Xom
Yredelemnul
Zin
The Shining One
Jiyva

Shops:
D:13 =**[*   D:15 *   Orc:2 [([   Vaults:1 *

Annotations:
D:4 1 runed translucent door, qw's ghost, amateur NaHu
Spider:2 2 transporters, qw's ghost, adept DEHu


Message History

The vault warden completely misses you.
The ironbound preserver completely misses you.
You shoot a damnation bolt.
The damnation bolt hits the ironbound preserver!
The ironbound preserver is severely wounded.
The damnation bolt explodes!
The damnation engulfs the ironbound preserver!
The ironbound preserver is almost dead.
The damnation engulfs the vault warden!
The vault warden is almost dead.
The damnation engulfs the yaktaur captain!!
The yaktaur captain is moderately wounded.
The damnation engulfs the deep troll!
The deep troll is moderately wounded.
The vault warden hits you with a +3 war axe!
The ironbound convoker misses you. The ironbound preserver misses you.
29239 ||| READING 6 scrolls of teleportation.
As you read the scroll of teleportation, it crumbles to dust.
You feel strangely unstable. The vault warden closely misses you.
The ironbound convoker completely misses you.
The ironbound preserver completely misses you.
The vault warden completely misses you.
The ironbound convoker hits you with a +0 dire flail!
The ironbound preserver mumbles some strange words.
The ironbound preserver is healed somewhat.
You shoot a damnation bolt.
The damnation bolt hits the ironbound preserver!
The ironbound preserver is almost dead.
The damnation bolt explodes!
The damnation engulfs the ironbound preserver!
The ironbound preserver is almost dead.
The damnation engulfs the vault warden!
The vault warden is almost dead.
The damnation engulfs the yaktaur captain!!
The yaktaur captain is heavily wounded.
The damnation engulfs the deep troll!
The deep troll is heavily wounded.
The vault warden hits you with a +3 war axe!!!
You die...

#.#
#.#..^'.#
#### #.#
#.#####.#
#.#
#.#...'.#
+.#
#'#####.#
#.# ..' #.#
#. ### #.#
#.#
#########.#
..:..[}@p.#
######p#p##
#%)#cT#
#..#Tp#
+##+##+ #$
?$ #+


You could see an ironbound preserver (strong), a vault warden (strong), a
yaktaur captain (strong), 2 deep trolls and 2 ironbound convokers.

Vanquished Creatures
  Mara (Spider:4)
  Nikola (Vaults:1)
  Arachne (Spider:2)
  Rupert (D:13)
  Mlioglotl (Spider:4)
  Polyphemus (Shoals:3)
  A kraken (Shoals:3)
  Agnes (D:15)
  Ilsuiw (Shoals:2)
  Donald (Spider:2)
  Aizul (Spider:2)
  3 vault wardens (Vaults:1)
  4 emperor scorpions (Spider:4)
  An orc warlord (Orc:1)
  2 ghost moths (Spider:4)
  An ironbound preserver (Vaults:1)
  Louise (Shoals:3)
  5 broodmothers
  A formless jellyfish (Vaults:1)
  4 ironbound thunderhulks (Vaults:1)
  5 dire elephants (Vaults:1)
  A spark wasp (Spider:4)
  A minotaur (Gauntlet)
  A fire dragon (D:15)
  A yaktaur captain (Vaults:1)
  6 merfolk javelineers (Shoals:4)
  Josephine (D:10)
  An entropy weaver (shapeshifter) (D:13)
  9 merfolk impalers
  5 hydras
  7 entropy weavers
  A rakshasa (D:13)
  Erolcha (Orc:1)
  Harold (Lair:1)
  An ice dragon (D:15)
  3 catoblepae
  A jorogumo (Spider:4)
  2 ironbound frosthearts (Vaults:1)
  4 merfolk avatars
  A death knight (D:13)
  3 merfolk aquamancers
  Erica (D:11)
  4 centaur warriors
  2 dancing weapons (D:13)
  An alligator snapping turtle (Shoals:3)
  A tengu warrior (D:15)
  3 death yaks
  3 satyrs (Shoals:4)
  7 two-headed ogres
  9 boulder beetles
  8 demonic crawlers
  3 orc high priests (Orc:2)
  Nergalle (Orc:1)
  3 sun moths
  3 pharaoh ants
  2 shadow wraiths
  2 sixfirhies (Gauntlet)
  9 sea snakes
  5 skysharks
  14 orb spiders
  7 ironbound convokers (Vaults:1)
  A spriggan simulacrum (D:14)
  6 orc knights
  34 harpies
  6 deep elf zephyrmancers (Orc:1)
  A phantasmal warrior (D:13)
  5 deep elf pyromancers
  6 orc sorcerers
  An oklob plant (Shoals:2)
  A necromancer (Gauntlet)
  22 wolf spiders
  3 steelbarb worms
  16 manticores
  3 cyclopes
  6 ugly things
  3 moths of wrath
  2 fauns
  18 elephants
  5 water nymphs
  4 black mambas
  8 merfolk sirens
  2 vault sentinels (Vaults:1)
  10 torpor snails
  A gargoyle (D:13)
  A kobold demonologist (D:11)
  11 komodo dragons
  16 rime drakes
  11 cane toads
  A freezing wraith (D:13)
  An efreet (D:13)
  A yaktaur (Vaults:1)
  A rime drake (shapeshifter) (D:14)
  2 tengu conjurers (D:12)
  A minotaur zombie (Gauntlet)
  An anaconda simulacrum (D:14)
  3 meliai (Spider:4)
  10 trolls
  6 polar bears
  A polar bear (shapeshifter) (D:15)
  4 wind drakes
  4 hornets
  29 tarantellas
  7 blink frogs
  27 merfolk
  12 snapping turtles
  10 dream sheep
  4 centaur simulacra
  A dire elephant simulacrum (D:14)
  22 slime creatures
  33 culicivoras
  A spriggan (Lair:5)
  34 jumping spiders
  2 wyverns (Lair:3)
  A shadow (D:12)
  4 water elementals
  29 yaks
  11 wraiths
  Eustachio (D:4)
  A yak (shapeshifter) (D:13)
  2 basilisks
  2 minotaur simulacra (D:14)
  5 vampire mosquitoes
  11 steam dragons
  80 redbacks
  A harpy simulacrum (D:14)
  A warg (Orc:1)
  2 swamp worms (D:7)
  An acid dragon (D:12)
  9 water moccasins
  Duvessa (D:4)
  A meliai simulacrum (Gauntlet)
  6 black bears
  26 orc warriors
  A sky beast (D:7)
  2 ice beasts
  6 ogres
  31 wolves
  11 centaurs
  3 kobold brigands
  15 bullfrogs
  A gnoll sergeant (D:11)
  4 scorpions
  13 wights
  A deep troll simulacrum (D:14)
  A hornet simulacrum (Gauntlet)
  38 killer bees
  Dowan (D:4)
  A lindwurm simulacrum (D:14)
  2 electric eels
  4 howler monkeys
  6 hounds
  28 orc priests
  7 jellies
  2 gnoll boudas (D:4)
  A sleepcap (D:6)
  4 iguanas
  22 orc wizards
  6 hell rats (Lair:5)
  Robin (D:2)
  15 gnolls
  8 adders
  4 river rats (D:3)
  A shadow imp (D:7)
  7 white imps
  2 ufetubi (D:5)
  4 worms
  2 dart slugs (D:4)
  97 orcs
  3 endoplasms
  11 giant cockroaches
  13 goblins
  12 hobgoblins
  4 jackals
  4 quokkas
  3 ball pythons (D:1)
  3 bats
  3 frilled lizards
  22 kobolds
  4 rats (D:3)
  A spectral orc (D:10)
1228 creatures vanquished.

Vanquished Creatures (others)
  An orc priest (Orc:1)
  4 tentacles (Shoals:3)
5 creatures vanquished.

Grand Total: 1233 creatures vanquished

Notes
Turn   | Place    | Note
-------+----------+-------------------------------------------
     0 | D:1      | qw the Deep Elf Hunter began the quest for the Orb.
     0 | D:1      | Reached XP level 1. HP: 12/12 MP: 3/3
     0 | D:1      | 0 ||| qw: Version: 0.3-a-9-g12657ce
     0 | D:1      | 0 ||| qw: Game counter: 4641
     0 | D:1      | 0 ||| qw: Always use a shield: true
     0 | D:1      | 0 ||| qw: God list: Okawaru
     0 | D:1      | 0 ||| qw: Allow faded altars: false
     0 | D:1      | 0 ||| qw: Do Orc after D:15 true
     0 | D:1      | 0 ||| qw: Do second Lair branch before Depths: true
     0 | D:1      | 0 ||| qw: Lair rune preference: random
     0 | D:1      | 0 ||| qw: Plans: Normal
     0 | D:1      | 0 ||| PLANNING D:1-11
   218 | D:1      | Reached XP level 2. HP: 16/16 MP: 4/4
   231 | D:1      | Reached skill level 6 in Ranged Weapons
   453 | D:1      | 453 ||| UPGRADING to ring of poison resistance.
   454 | D:1      | 454 ||| READING scroll labelled SUETALAURPHE.
   455 | D:1      | 455 ||| READING scroll labelled YRONEA COBBU.
   456 | D:1      | 456 ||| READING 2 scrolls labelled LIPUSTR PURUALO.
   457 | D:1      | 457 ||| DROPPING scroll of butterflies.
   458 | D:1      | 458 ||| DROPPING scroll of amnesia.
   494 | D:2      | Noticed Robin
   505 | D:2      | Killed Robin
   506 | D:2      | Reached XP level 3. HP: 20/20 MP: 5/5
   521 | D:2      | 521 ||| FLEEEEING.
   657 | D:2      | Identified the +3 war axe of Honesty {pain, Will+++ rCorr
                  | MP+9 Stlth-}
   983 | D:2      | 983 ||| UPGRADING to +0 helmet.
   988 | D:2      | 988 ||| UPGRADING to +0 scale mail.
   998 | D:2      | 998 ||| DROPPING +0 leather armour.
   999 | D:2      | 999 ||| DROPPING ring of magical power.
  1000 | D:2      | 1000 ||| UPGRADING to +4 ring of protection.
  1001 | D:2      | 1001 ||| READING scroll labelled FERE RYESSYXU.
  1040 | D:2      | 1040 ||| READING scroll labelled LOLEME DO KEVVULUTH.
  1041 | D:2      | 1041 ||| READING scroll labelled ENUOC CAPS.
  1042 | D:2      | 1042 ||| DRINKING 2 sedimented emerald potions.
  1043 | D:2      | 1043 ||| DROPPING potion of degeneration.
  1061 | D:3      | 1061 ||| PLANNING SEWER
  1072 | D:3      | Found the +6 arbalest "Damnation" {damnation}
  1081 | D:3      | 1081 ||| SWAPPING to +6 arbalest "Damnation" {damnation}.
  1082 | D:3      | 1082 ||| DROPPING +0 shortbow.
  1112 | D:3      | Reached XP level 4. HP: 25/25 MP: 6/6
  1271 | D:3      | Found a faded altar of an unknown god.
  1336 | D:3      | Reached XP level 5. HP: 25/29 MP: 7/7
  1533 | D:3      | 1533 ||| READING scroll of enchant armour.
  1533 | D:3      | 1533 ||| ENCHANTING +0 helmet.
  1551 | D:3      | Reached skill level 9 in Ranged Weapons
  1660 | D:3      | Found a glowing drain.
  1661 | D:3      | 1661 ||| UPGRADING to +0 ring mail.
  1671 | D:3      | 1671 ||| DROPPING +0 scale mail.
  1672 | D:3      | 1672 ||| READING scroll labelled IRPHOCL WALADA.
  1673 | D:3      | 1673 ||| DRINKING 2 inky potions.
  1674 | D:3      | 1674 ||| DRINKING 2 viscous ruby potions.
  1761 | D:3      | 1761 ||| RIP SEWER
  1778 | D:3      | 1778 ||| PLANNING D:1-11
  1861 | D:3      | 1861 ||| READING 5 scrolls of identify.
  1861 | D:3      | 1861 ||| IDENTIFYING cyan potion
  1862 | D:3      | 1862 ||| READING 4 scrolls of identify.
  1862 | D:3      | 1862 ||| IDENTIFYING orange potion
  1863 | D:3      | 1863 ||| READING 3 scrolls of identify.
  1863 | D:3      | 1863 ||| IDENTIFYING fizzy cyan potion
  1864 | D:3      | 1864 ||| READING 2 scrolls of identify.
  1864 | D:3      | 1864 ||| IDENTIFYING emerald potion
  1865 | D:3      | 1865 ||| DROPPING potion of magic.
  1866 | D:3      | 1866 ||| DROPPING potion of berserk rage.
  1895 | D:4      | Noticed an ogre
  1897 | D:4      | Killed an ogre
  1897 | D:4      | Noticed Eustachio
  1898 | D:4      | Reached XP level 6. HP: 35/35 MP: 8/8
  1902 | D:4      | Killed Eustachio
  1904 | D:4      | Found a shadowy altar of Dithmenos.
  1967 | D:4      | Reached skill level 3 in Dodging
  1967 | D:4      | Reached XP level 7. HP: 40/40 MP: 9/9
  1971 | D:4      | Found a runed translucent door.
  1979 | D:4      | Noticed qw's ghost (amateur NaHu)
  1999 | D:4      | Reached skill level 1 in Armour
  1999 | D:4      | 1999 ||| Stepping ~*~*~tactically~*~*~ (outnumbered).
  2001 | D:4      | 2001 ||| Stepping ~*~*~tactically~*~*~ (outnumbered).
  2003 | D:4      | 2003 ||| Stepping ~*~*~tactically~*~*~ (outnumbered).
  2004 | D:4      | Noticed Duvessa
  2004 | D:4      | Noticed Dowan
  2007 | D:4      | Killed Duvessa
  2011 | D:4      | 2011 ||| FLEEEEING.
  2014 | D:4      | Killed Dowan
  2102 | D:4      | Reached skill level 12 in Ranged Weapons
  2148 | D:4      | Reached XP level 8. HP: 39/45 MP: 10/10
  2148 | D:4      | 2148 ||| FLEEEEING.
  2152 | D:4      | 2152 ||| FLEEEEING.
  2157 | D:4      | 2157 ||| FLEEEEING.
  2252 | D:4      | Reached skill level 3 in Fighting
  2961 | D:4      | 2961 ||| Stepping randomly (stuck).
  2975 | D:5      | Entered Level 5 of the Dungeon
  3334 | D:5      | 3334 ||| READING scroll labelled AMMUIL IGGEM.
  3335 | D:5      | 3335 ||| READING scroll labelled XOEMURATYO.
  3336 | D:5      | 3336 ||| DRINKING 2 bubbling puce potions.
  3337 | D:5      | 3337 ||| DROPPING potion of brilliance.
  3423 | D:6      | 3423 ||| Stepping ~*~*~tactically~*~*~ (outnumbered).
  3434 | D:6      | 3434 ||| FLEEEEING.
  3435 | D:6      | 3435 ||| FLEEEEING.
  3436 | D:6      | 3436 ||| FLEEEEING.
  3437 | D:6      | 3437 ||| FLEEEEING.
  3438 | D:6      | 3438 ||| FLEEEEING.
  3439 | D:6      | 3439 ||| FLEEEEING.
  3440 | D:6      | 3440 ||| FLEEEEING.
  3441 | D:6      | 3441 ||| FLEEEEING.
  3442 | D:6      | 3442 ||| FLEEEEING.
  3443 | D:6      | 3443 ||| FLEEEEING.
  3444 | D:6      | 3444 ||| FLEEEEING.
  3445 | D:6      | 3445 ||| FLEEEEING.
  3446 | D:6      | 3446 ||| FLEEEEING.
  3447 | D:6      | 3447 ||| FLEEEEING.
  3448 | D:6      | 3448 ||| FLEEEEING.
  3451 | D:6      | Reached XP level 9. HP: 30/50 MP: 11/11
  3451 | D:6      | 3451 ||| FLEEEEING.
  3452 | D:6      | 3452 ||| FLEEEEING.
  3453 | D:6      | 3453 ||| FLEEEEING.
  3454 | D:6      | 3454 ||| FLEEEEING.
  3455 | D:6      | 3455 ||| FLEEEEING.
  3456 | D:6      | 3456 ||| FLEEEEING.
  3457 | D:6      | 3457 ||| FLEEEEING.
  3458 | D:6      | 3458 ||| FLEEEEING.
  3459 | D:6      | 3459 ||| FLEEEEING.
  3460 | D:6      | 3460 ||| FLEEEEING.
  3461 | D:6      | 3461 ||| FLEEEEING.
  3462 | D:6      | 3462 ||| FLEEEEING.
  3464 | D:6      | 3464 ||| FLEEEEING.
  3465 | D:6      | 3465 ||| FLEEEEING.
  3466 | D:6      | 3466 ||| STAIRDANCE
  3520 | D:5      | 3520 ||| READING 3 scrolls of identify.
  3520 | D:5      | 3520 ||| IDENTIFYING bubbling pink potion
  3897 | D:6      | Reached skill level 15 in Ranged Weapons
  3942 | D:6      | 3942 ||| DROPPING ring of resist corrosion.
  3943 | D:6      | 3943 ||| UPGRADING to +6 ring of dexterity.
  3945 | D:6      | 3945 ||| UPGRADING to ring of poison resistance.
  3947 | D:6      | 3947 ||| READING scroll labelled CICVAHI WOLUCIQU.
  3950 | D:6      | 3950 ||| READING scroll labelled LAFRUB BACUSOQ.
  3951 | D:6      | 3951 ||| READING 3 scrolls of identify.
  3951 | D:6      | 3951 ||| IDENTIFYING bubbling yellow potion
  3952 | D:6      | 3952 ||| READING 2 scrolls of identify.
  3952 | D:6      | 3952 ||| IDENTIFYING clear potion
  3953 | D:6      | 3953 ||| DROPPING potion of ambrosia.
  4066 | D:7      | 4066 ||| Stepping ~*~*~tactically~*~*~ (outnumbered).
  4082 | D:7      | Reached skill level 6 in Dodging
  4090 | D:7      | Identified the +5 ring mail "Ymamp" {rF+}
  4283 | D:7      | 4283 ||| FLEEEEING.
  4284 | D:7      | 4284 ||| FLEEEEING.
  4285 | D:7      | 4285 ||| FLEEEEING.
  4288 | D:7      | 4288 ||| FLEEEEING.
  4291 | D:7      | 4291 ||| FLEEEEING.
  4292 | D:7      | 4292 ||| FLEEEEING.
  4293 | D:7      | 4293 ||| FLEEEEING.
  4295 | D:7      | 4295 ||| FLEEEEING.
  4296 | D:7      | 4296 ||| FLEEEEING.
  4297 | D:7      | 4297 ||| FLEEEEING.
  4298 | D:7      | 4298 ||| FLEEEEING.
  4299 | D:7      | 4299 ||| FLEEEEING.
  4300 | D:7      | 4300 ||| FLEEEEING.
  4303 | D:7      | 4303 ||| STAIRDANCE
  4376 | D:6      | 4376 ||| UPGRADING to +5 ring mail "Ymamp" {rF+}.
  4386 | D:6      | 4386 ||| DROPPING +0 ring mail.
  4387 | D:6      | 4387 ||| UPGRADING to amulet of regeneration.
  4392 | D:6      | 4392 ||| READING scroll labelled GIFEPN LARYQ.
  4531 | D:7      | 4531 ||| Stepping ~*~*~tactically~*~*~ (outnumbered).
  4650 | D:7      | Found a staircase to the Ecumenical Temple.
  4651 | D:7      | 4651 ||| PLANNING TEMPLE
  4729 | D:7      | 4729 ||| READING scroll labelled ETHUIRRONTA.
  4984 | D:8      | 4984 ||| READING scroll labelled MIWEYTTOAR.
  4997 | Temple   | Entered the Ecumenical Temple
  5008 | Temple   | 5008 ||| PLANNING D:1-11
  5014 | D:7      | 5014 ||| Stepping randomly (stuck).
  5062 | D:8      | 5062 ||| Stepping ~*~*~tactically~*~*~ (outnumbered).
  5066 | D:8      | Reached XP level 10. HP: 57/57 MP: 12/12
  5201 | D:8      | Noticed a two-headed ogre
  5203 | D:8      | Killed a two-headed ogre
  5302 | D:8      | Found a shimmering altar of Xom.
  5303 | D:8      | Found an iron altar of Okawaru.
  5304 | D:8      | 5304 ||| PLANNING OKAWARU WORSHIP
  5304 | D:8      | Found a white marble altar of Elyvilon.
  5306 | D:8      | Became a worshipper of Warmaster Okawaru
  5307 | D:8      | 5307 ||| PLANNING D:1-11
  5309 | D:8      | Found a radiant altar of Vehumet.
  5755 | D:9      | Reached * piety under Okawaru
  5770 | D:9      | 5770 ||| INVOKING Heroism.
  5771 | D:9      | 5771 ||| INVOKING Heroism.
  5773 | D:9      | Reached skill level 18 in Ranged Weapons
  6003 | D:9      | Found a glowing golden altar of the Shining One.
  6104 | D:9      | Reached skill level 1 in Invocations
  6319 | D:9      | 6319 ||| UPGRADING to +0 pair of boots.
  6324 | D:9      | 6324 ||| DROPPING ring of ice.
  6325 | D:9      | 6325 ||| READING scroll labelled DOW TE OPNI.
  6371 | D:10     | Entered Level 10 of the Dungeon
  6378 | D:10     | 6378 ||| INVOKING Heroism.
  6378 | D:10     | Noticed a two-headed ogre
  6386 | D:10     | Killed a two-headed ogre
  6427 | D:10     | 6427 ||| INVOKING Heroism.
  6433 | D:10     | Reached ** piety under Okawaru
  6490 | D:10     | Identified the +0 cloak of Generosity {rF++ Dex+3}
  6643 | D:10     | Found a basalt altar of Yredelemnul.
  6665 | D:10     | 6665 ||| INVOKING Heroism.
  6700 | D:10     | 6700 ||| INVOKING Heroism.
  6704 | D:10     | Reached XP level 11. HP: 63/63 MP: 13/16
  6734 | D:10     | Noticed Josephine
  6740 | D:10     | 6740 ||| INVOKING Heroism.
  6741 | D:10     | Killed Josephine
  6742 | D:10     | Reached skill level 9 in Dodging
  6928 | D:10     | 6928 ||| INVOKING Heroism.
  6968 | D:10     | 6968 ||| UPGRADING to +0 cloak of Generosity {rF++ Dex+3}.
  6973 | D:10     | 6973 ||| DROPPING ring of flight.
  6974 | D:10     | 6974 ||| READING 6 scrolls of identify.
  6974 | D:10     | 6974 ||| IDENTIFYING smoky grey potion
  6975 | D:10     | 6975 ||| DROPPING potion of attraction.
  6999 | D:11     | Noticed a green ugly thing
  7000 | D:11     | 7000 ||| INVOKING Heroism.
  7002 | D:11     | Killed a green ugly thing
  7003 | D:11     | Reached skill level 3 in Armour
  7035 | D:11     | Noticed a two-headed ogre
  7036 | D:11     | 7036 ||| INVOKING Heroism.
  7040 | D:11     | Killed a two-headed ogre
  7083 | D:11     | Noticed a two-headed ogre
  7084 | D:11     | 7084 ||| INVOKING Heroism.
  7087 | D:11     | Killed a two-headed ogre
  7087 | D:11     | Reached *** piety under Okawaru
  7088 | D:11     | Reached skill level 6 in Fighting
  7127 | D:11     | 7127 ||| INVOKING Heroism.
  7166 | D:11     | Found a staircase to the Orcish Mines.
  7329 | D:11     | 7329 ||| INVOKING Heroism.
  7534 | D:11     | Found a staircase to the Lair.
  7624 | D:11     | 7624 ||| INVOKING Heroism.
  7657 | D:11     | Noticed Erica
  7665 | D:11     | Killed Erica
  7707 | D:11     | 7707 ||| PLANNING LAIR
  7737 | Lair:1   | Entered Level 1 of the Lair of Beasts
  7756 | Lair:1   | 7756 ||| INVOKING Heroism.
  7773 | Lair:1   | Reached **** piety under Okawaru
  7773 | Lair:1   | Noticed Harold
  7774 | Lair:1   | Reached skill level 12 in Dodging
  7776 | Lair:1   | 7776 ||| INVOKING Heroism.
  7777 | Lair:1   | Killed Harold
  7778 | Lair:1   | Reached XP level 12. HP: 72/72 MP: 14/17
  7979 | Lair:1   | 7979 ||| Stepping ~*~*~tactically~*~*~ (outnumbered).
  8005 | Lair:1   | 8005 ||| INVOKING Heroism.
  8507 | Lair:1   | 8507 ||| DROPPING +4 ring of protection.
  8508 | Lair:1   | 8508 ||| UPGRADING to +5 ring of evasion.
  8510 | Lair:1   | 8510 ||| DROPPING ring of poison resistance.
  8533 | Lair:2   | Reached skill level 6 in Invocations
  8701 | Lair:2   | 8701 ||| INVOKING Heroism.
  8731 | Lair:2   | 8731 ||| INVOKING Heroism.
  8760 | Lair:2   | Reached ***** piety under Okawaru
  8829 | Lair:2   | Found a hole to the Spider Nest.
  8848 | Lair:2   | 8848 ||| INVOKING Heroism.
  9295 | Lair:2   | 9295 ||| INVOKING Heroism.
  9314 | Lair:2   | Received a gift from Okawaru
  9334 | Lair:2   | 9334 ||| INVOKING Heroism.
  9708 | Lair:2   | 9708 ||| UPGRADING to amulet of faith.
  9753 | Lair:3   | 9753 ||| INVOKING Heroism.
  9829 | Lair:3   | Reached skill level 9 in Invocations
  9854 | Lair:3   | Reached XP level 13. HP: 79/79 MP: 21/21
  9856 | Lair:3   | 9856 ||| INVOKING Heroism.
  9857 | Lair:3   | Received a gift from Okawaru
  9864 | Lair:3   | 9864 ||| INVOKING Finesse.
  9867 | Lair:3   | Reached skill level 9 in Fighting
  9873 | Lair:3   | Received a gift from Okawaru
  9979 | Lair:3   | Found a staircase to the Shoals.
 10075 | Lair:3   | 10075 ||| INVOKING Heroism.
 10088 | Lair:3   | Identified the staff "Xoazy" {*Corrode rPois rF+ rC+ Int+2
                  | Ice}
 10271 | Lair:3   | 10271 ||| INVOKING Heroism.
 10272 | Lair:3   | 10272 ||| INVOKING Finesse.
 10335 | Lair:3   | 10335 ||| INVOKING Heroism.
 10336 | Lair:3   | 10336 ||| INVOKING Finesse.
 10441 | Lair:3   | Identified the +11 longbow of Taxation {antimagic, rF-
                  | Dex+8} (Okawaru gifted it to you on level 3 of the Lair of
                  | Beasts)
 10441 | Lair:3   | Received a gift from Okawaru
 10578 | Lair:3   | 10578 ||| INVOKING Heroism.
 10589 | Lair:3   | Reached skill level 15 in Dodging
 10980 | Lair:4   | Received a gift from Okawaru
 10982 | Lair:4   | 10982 ||| DROPPING +0 triple crossbow of draining.
 10991 | Lair:4   | 10991 ||| INVOKING Heroism.
 11031 | Lair:4   | 11031 ||| INVOKING Heroism.
 11097 | Lair:4   | 11097 ||| INVOKING Heroism.
 11140 | Lair:4   | 11140 ||| INVOKING Heroism.
 11142 | Lair:4   | 11142 ||| INVOKING Finesse.
 11444 | Lair:4   | 11444 ||| FLEEEEING.
 11446 | Lair:4   | 11446 ||| FLEEEEING.
 11448 | Lair:4   | 11448 ||| FLEEEEING.
 11449 | Lair:4   | 11449 ||| FLEEEEING.
 11450 | Lair:4   | 11450 ||| INVOKING Heroism.
 11460 | Lair:4   | Found a staircase to the Slime Pits.
 11461 | Lair:4   | Found a viscous altar of Jiyva.
 11844 | Lair:4   | 11844 ||| UPGRADING to +0 pair of boots of flying.
 11854 | Lair:4   | 11854 ||| DROPPING +0 pair of boots.
 11860 | Lair:5   | Entered Level 5 of the Lair of Beasts
 11871 | Lair:5   | Reached XP level 14. HP: 88/88 MP: 23/23
 11916 | Lair:5   | 11916 ||| INVOKING Heroism.
 12037 | Lair:5   | 12037 ||| INVOKING Heroism.
 12038 | Lair:5   | 12038 ||| INVOKING Finesse.
 12087 | Lair:5   | 12087 ||| INVOKING Heroism.
 12088 | Lair:5   | 12088 ||| INVOKING Finesse.
 12094 | Lair:5   | 12094 ||| Stepping ~*~*~tactically~*~*~ (cloud).
 12136 | Lair:5   | Identified the +0 leather armour of the Destroying Gods
                  | {rPois rF+ rN+}
 12200 | Lair:5   | Reached skill level 6 in Armour
 12213 | Lair:5   | 12213 ||| INVOKING Heroism.
 12361 | Lair:5   | 12361 ||| INVOKING Heroism.
 12823 | Lair:5   | 12823 ||| PLANNING D
 12823 | Lair:5   | 12823 ||| READING 10 scrolls of identify.
 12823 | Lair:5   | 12823 ||| IDENTIFYING fizzy dark potion
 12824 | Lair:5   | 12824 ||| DRINKING potion of experience.
 12824 | Lair:5   | Reached XP level 15. HP: 96/96 MP: 24/24
 12825 | Lair:5   | 12825 ||| READING 9 scrolls of identify.
 12825 | Lair:5   | 12825 ||| IDENTIFYING fizzy silvery potion
 12826 | Lair:5   | 12826 ||| READING 8 scrolls of identify.
 12826 | Lair:5   | 12826 ||| IDENTIFYING murky clear potion
 12827 | Lair:5   | 12827 ||| DROPPING potion of lignification.
 13292 | D:12     | Identified the +0 spear of Gasatait {freeze, Dex+2}
 13725 | D:13     | 13725 ||| PLANNING GAUNTLET
 13772 | D:13     | 13772 ||| INVOKING Heroism.
 13775 | D:13     | Reached skill level 18 in Dodging
 13918 | D:13     | Found a gate leading to a gauntlet.
 13925 | D:13     | Identified the +1 pair of boots "Dumakheo" {rN+ Str+4
                  | Int+3} (Okawaru gifted it to you on level 13 of the
                  | Dungeon)
 13925 | D:13     | Received a gift from Okawaru
 13927 | D:13     | 13927 ||| FLEEEEING.
 13928 | D:13     | 13928 ||| FLEEEEING.
 13929 | D:13     | 13929 ||| FLEEEEING.
 13930 | D:13     | 13930 ||| FLEEEEING.
 13931 | D:13     | 13931 ||| FLEEEEING.
 13932 | D:13     | 13932 ||| FLEEEEING.
 13939 | D:13     | 13939 ||| FLEEEEING.
 13940 | D:13     | 13940 ||| FLEEEEING.
 13946 | D:13     | 13946 ||| FLEEEEING.
 13947 | D:13     | 13947 ||| FLEEEEING.
 13948 | D:13     | 13948 ||| FLEEEEING.
 13949 | D:13     | 13949 ||| FLEEEEING.
 13955 | D:13     | 13955 ||| FLEEEEING.
 13956 | D:13     | 13956 ||| STAIRDANCE
 14004 | D:13     | 14004 ||| STAIRDANCE
 14074 | Gauntlet | Entered a Gauntlet
 14074 | Gauntlet | Found a transporter.
 14088 | Gauntlet | Found a transporter.
 14098 | Gauntlet | Found a transporter.
 14103 | Gauntlet | Found a transporter.
 14130 | Gauntlet | Found a transporter.
 14139 | Gauntlet | Found a transporter.
 14151 | Gauntlet | Found a transporter.
 14163 | Gauntlet | Found a transporter.
 14169 | Gauntlet | Found a transporter.
 14169 | Gauntlet | Found a transporter.
 14188 | Gauntlet | Found a transporter.
 14200 | Gauntlet | Found a transporter.
 14217 | Gauntlet | Found a transporter.
 14234 | Gauntlet | Found a transporter.
 14236 | Gauntlet | Found a transporter.
 14261 | Gauntlet | Found a transporter.
 14263 | Gauntlet | Found a transporter.
 14293 | Gauntlet | Found a transporter.
 14546 | Gauntlet | 14546 ||| INVOKING Heroism.
 14557 | Gauntlet | HP: 14/96 [sixfirhy (12)]
 14558 | Gauntlet | 14558 ||| DRINKING 2 potions of heal wounds.
 14704 | Gauntlet | Identified the +1 cloak "Ofyuh" {rF+ Will+ Int-4}
 14706 | Gauntlet | 14706 ||| DROPPING +1 cloak "Ofyuh" {rF+ Will+ Int-4}.
 14719 | Gauntlet | 14719 ||| INVOKING Heroism.
 14757 | Gauntlet | 14757 ||| DROPPING +0 scale mail of poison resistance.
 14764 | D:13     | 14764 ||| PLANNING D
 14785 | D:13     | Noticed Rupert
 14786 | D:13     | 14786 ||| INVOKING Heroism.
 14787 | D:13     | 14787 ||| INVOKING Finesse.
 14789 | D:13     | 14789 ||| DRINKING 6 potions of curing.
 14789 | D:13     | 14789 ||| (to cure confusion)
 14794 | D:13     | Killed Rupert
 14840 | D:13     | Found a gate to the Vaults.
 14907 | D:13     | 14907 ||| INVOKING Finesse.
 14964 | D:13     | 14964 ||| READING scroll of enchant armour.
 14964 | D:13     | 14964 ||| ENCHANTING +1 helmet.
 15023 | D:13     | Found Nytotinn's Jewellery Shoppe.
 15031 | D:13     | 15031 ||| BUYING amulet of reflection (450 gold).
 15031 | D:13     | Bought an amulet of reflection for 450 gold pieces
 15031 | D:13     | 15031 ||| BUYING ring "Beetaann" {Fly rPois Will+ rCorr
                  | Dex+2} (667 gold).
 15031 | D:13     | Bought the ring "Beetaann" {Fly rPois Will+ rCorr Dex+2}
                  | for 667 gold pieces
 15066 | D:13     | Found Tawilief's Assorted Antiques.
 15071 | D:13     | 15071 ||| BUYING encrusted ring mail (153 gold).
 15071 | D:13     | Bought an encrusted ring mail for 153 gold pieces
 15071 | D:13     | Identified the +0 ring mail "Vuriolul" {rElec Will+ rCorr
                  | Dex-4} (You bought it in a shop on level 13 of the Dungeon)
 15071 | D:13     | 15071 ||| BUYING potion of heal wounds (85 gold).
 15071 | D:13     | Bought a potion of heal wounds for 85 gold pieces
 15071 | D:13     | 15071 ||| SHOPLISTING potion of might (68 gold, have 50).
 15071 | D:13     | 15071 ||| BUYING scroll of identify (34 gold).
 15071 | D:13     | Bought a scroll of identify for 34 gold pieces
 15300 | D:13     | Found Uriedute's General Store.
 15308 | D:13     | 15308 ||| SHOPLISTING potion of heal wounds (50 gold, have
                  | 16).
 15308 | D:13     | 15308 ||| SHOPLISTING scroll of brand weapon (95 gold, have
                  | 16).
 15400 | D:13     | Found Cag Hait's Antique Armour Boutique.
 15406 | D:13     | 15406 ||| SHOPLISTING embroidered cloak (165 gold, have
                  | 16).
 15406 | D:13     | 15406 ||| SHOPLISTING runed ring mail (154 gold, have 16).
 15406 | D:13     | 15406 ||| SHOPLISTING shiny ring mail (154 gold, have 16).
 15475 | D:13     | Found a radiant altar of Vehumet.
 15721 | D:13     | Found Zoroudas's General Store.
 15725 | D:13     | 15725 ||| SHOPLISTING scroll of teleportation (54 gold,
                  | have 38).
 15742 | D:13     | 15742 ||| DROPPING +0 ring mail "Vuriolul" {rElec Will+
                  | rCorr Dex-4}.
 15743 | D:13     | 15743 ||| DROPPING amulet of regeneration.
 15744 | D:13     | 15744 ||| UPGRADING to ring "Beetaann" {Fly rPois Will+
                  | rCorr Dex+2}.
 15746 | D:13     | 15746 ||| UPGRADING to +1 pair of boots "Dumakheo" {rN+
                  | Str+4 Int+3}.
 15756 | D:13     | 15756 ||| UPGRADING to +6 ring of dexterity.
 15779 | D:14     | 15779 ||| STAIRDANCE
 15823 | D:14     | 15823 ||| STAIRDANCE
 15895 | D:14     | 15895 ||| STAIRDANCE
 15895 | D:14     | HP: 12/96 [centaur warrior simulacrum (22)]
 15897 | D:13     | 15897 ||| READING 7 scrolls of teleportation.
 15898 | D:13     | 15898 ||| DRINKING 2 potions of heal wounds.
 15899 | D:13     | 15899 ||| INVOKING Heroism.
 15977 | D:13     | 15977 ||| FLEEEEING.
 15978 | D:13     | 15978 ||| FLEEEEING.
 15979 | D:13     | 15979 ||| FLEEEEING.
 15980 | D:13     | 15980 ||| FLEEEEING.
 16136 | D:14     | 16136 ||| FLEEEEING.
 16138 | D:14     | 16138 ||| STAIRDANCE
 16304 | D:14     | Reached XP level 16. HP: 101/101 MP: 25/25
 16317 | D:14     | Found a frozen archway.
 16715 | D:15     | Entered Level 15 of the Dungeon
 16771 | D:15     | Found Afriguri's Overcharged Wands.
 16777 | D:15     | 16777 ||| SHOPLISTING wand of digging (11) (693 gold, have
                  | 89).
 16922 | D:15     | 16922 ||| INVOKING Heroism.
 16925 | D:15     | 16925 ||| Stepping ~*~*~tactically~*~*~ (outnumbered).
 17060 | D:15     | Found a staircase to the Depths.
 17318 | D:15     | Noticed Agnes
 17319 | D:15     | 17319 ||| INVOKING Heroism.
 17333 | D:15     | Killed Agnes
 17334 | D:15     | Reached skill level 12 in Fighting
 17335 | D:15     | 17335 ||| Stepping ~*~*~tactically~*~*~ (outnumbered).
 17508 | D:15     | 17508 ||| PLANNING ORC
 17629 | Orc:1    | Entered Level 1 of the Orcish Mines
 17639 | Orc:1    | 17639 ||| INVOKING Heroism.
 17640 | Orc:1    | Noticed Erolcha
 17650 | Orc:1    | 17650 ||| Stepping ~*~*~tactically~*~*~ (outnumbered).
 17651 | Orc:1    | Killed Erolcha
 17652 | Orc:1    | 17652 ||| INVOKING Finesse.
 17691 | Orc:1    | 17691 ||| INVOKING Heroism.
 18041 | Orc:1    | Noticed Nergalle
 18045 | Orc:1    | Killed Nergalle
 18055 | Orc:1    | 18055 ||| INVOKING Heroism.
 18138 | Orc:1    | 18138 ||| INVOKING Heroism.
 18352 | Orc:2    | Entered Level 2 of the Orcish Mines
 18460 | Orc:2    | 18460 ||| INVOKING Heroism.
 18503 | Orc:2    | Found a staircase to the Elven Halls.
 18763 | Orc:2    | 18763 ||| Stepping ~*~*~tactically~*~*~ (outnumbered).
 18765 | Orc:2    | 18765 ||| INVOKING Heroism.
 18766 | Orc:2    | 18766 ||| Stepping ~*~*~tactically~*~*~ (outnumbered).
 18769 | Orc:2    | Reached skill level 21 in Dodging
 18779 | Orc:2    | 18779 ||| Stepping ~*~*~tactically~*~*~ (outnumbered).
 18781 | Orc:2    | 18781 ||| Stepping ~*~*~tactically~*~*~ (outnumbered).
 18789 | Orc:2    | 18789 ||| Stepping ~*~*~tactically~*~*~ (outnumbered).
 18800 | Orc:2    | 18800 ||| INVOKING Heroism.
 18813 | Orc:2    | Found Vorueh's Armour Boutique.
 18818 | Orc:2    | Found Xeedit's Antique Weapon Emporium.
 18825 | Orc:2    | Found Henuq's Antique Armour Emporium.
 18827 | Orc:2    | Found Mumas's Weapon Boutique.
 18833 | Orc:2    | 18833 ||| BUYING glowing cloak (255 gold).
 18833 | Orc:2    | Bought a glowing cloak for 255 gold pieces
 18833 | Orc:2    | 18833 ||| BUYING pair of glowing boots (255 gold).
 18833 | Orc:2    | Bought a pair of glowing boots for 255 gold pieces
 18857 | Orc:2    | 18857 ||| PLANNING SPIDER:1-3
 18857 | Orc:2    | 18857 ||| DROPPING +2 cloak.
 18858 | Orc:2    | 18858 ||| DROPPING +0 pair of boots of flying.
 19170 | Spider:1 | Entered Level 1 of the Spider Nest
 19186 | Spider:1 | 19186 ||| INVOKING Heroism.
 19213 | Spider:1 | 19213 ||| INVOKING Heroism.
 19229 | Spider:1 | 19229 ||| FLEEEEING.
 19231 | Spider:1 | 19231 ||| FLEEEEING.
 19232 | Spider:1 | 19232 ||| FLEEEEING.
 19547 | Spider:1 | 19547 ||| INVOKING Finesse.
 19582 | Spider:1 | 19582 ||| FLEEEEING.
 19585 | Spider:1 | 19585 ||| FLEEEEING.
 19586 | Spider:1 | 19586 ||| FLEEEEING.
 19587 | Spider:1 | 19587 ||| FLEEEEING.
 19588 | Spider:1 | 19588 ||| FLEEEEING.
 19831 | Spider:1 | 19831 ||| INVOKING Finesse.
 20514 | Spider:1 | 20514 ||| UPGRADING to +0 pair of gloves.
 20644 | Spider:2 | 20644 ||| INVOKING Finesse.
 20657 | Spider:2 | 20657 ||| INVOKING Heroism.
 20714 | Spider:2 | Found a transporter.
 20751 | Spider:2 | Found a transporter.
 20751 | Spider:2 | Noticed qw's ghost (adept DEHu)
 20885 | Spider:2 | 20885 ||| INVOKING Heroism.
 21045 | Spider:2 | Noticed Arachne
 21046 | Spider:2 | 21046 ||| INVOKING Heroism.
 21052 | Spider:2 | Killed Arachne
 21053 | Spider:2 | Reached XP level 17. HP: 73/108 MP: 24/26
 21062 | Spider:2 | 21062 ||| INVOKING Finesse.
 21066 | Spider:2 | Noticed Donald
 21069 | Spider:2 | Killed Donald
 21076 | Spider:2 | 21076 ||| FLEEEEING.
 21077 | Spider:2 | 21077 ||| FLEEEEING.
 21078 | Spider:2 | 21078 ||| FLEEEEING.
 21079 | Spider:2 | 21079 ||| FLEEEEING.
 21081 | Spider:2 | 21081 ||| FLEEEEING.
 21082 | Spider:2 | 21082 ||| FLEEEEING.
 21083 | Spider:2 | 21083 ||| FLEEEEING.
 21084 | Spider:2 | 21084 ||| FLEEEEING.
 21085 | Spider:2 | 21085 ||| FLEEEEING.
 21086 | Spider:2 | 21086 ||| FLEEEEING.
 21087 | Spider:2 | 21087 ||| FLEEEEING.
 21091 | Spider:2 | 21091 ||| INVOKING Heroism.
 21416 | Spider:2 | Noticed Aizul
 21417 | Spider:2 | 21417 ||| INVOKING Heroism.
 21421 | Spider:2 | Killed Aizul
 21865 | Spider:2 | 21865 ||| DROPPING ring of protection from cold.
 21876 | Spider:3 | 21876 ||| Stepping ~*~*~tactically~*~*~ (outnumbered).
 21905 | Spider:3 | 21905 ||| DRINKING 7 potions of curing.
 21905 | Spider:3 | 21905 ||| (to cure confusion)
 21913 | Spider:3 | 21913 ||| INVOKING Finesse.
 22055 | Spider:3 | 22055 ||| Stepping ~*~*~tactically~*~*~ (outnumbered).
 22204 | Spider:3 | 22204 ||| READING 2 scrolls of enchant armour.
 22204 | Spider:3 | 22204 ||| ENCHANTING +0 pair of gloves.
 22205 | Spider:3 | 22205 ||| READING scroll of enchant armour.
 22205 | Spider:3 | 22205 ||| ENCHANTING +1 pair of gloves.
 22269 | Spider:3 | Reached skill level 9 in Armour
 22435 | Spider:3 | 22435 ||| Stepping ~*~*~tactically~*~*~ (outnumbered).
 22688 | Spider:3 | 22688 ||| PLANNING SHOALS:1-3
 22688 | Spider:3 | 22688 ||| DROPPING amulet of guardian spirit.
 22689 | Spider:3 | 22689 ||| READING 13 scrolls of identify.
 22689 | Spider:3 | 22689 ||| IDENTIFYING dark potion
 22690 | Spider:3 | 22690 ||| DROPPING potion of invisibility.
 22788 | Shoals:1 | Entered Level 1 of the Shoals
 22794 | Shoals:1 | 22794 ||| INVOKING Heroism.
 22797 | Shoals:1 | Identified the +5 kite shield of Plog {*Corrode +Blink
                  | rElec Dex+5} (Okawaru gifted it to you on level 1 of the
                  | Shoals)
 22797 | Shoals:1 | Received a gift from Okawaru
 22872 | Shoals:1 | 22872 ||| INVOKING Heroism.
 23015 | Shoals:1 | 23015 ||| INVOKING Heroism.
 23164 | Shoals:1 | 23164 ||| INVOKING Heroism.
 23622 | Shoals:2 | Found an iron altar of Okawaru.
 23623 | Shoals:2 | 23623 ||| INVOKING Heroism.
 23624 | Shoals:2 | 23624 ||| INVOKING Finesse.
 23944 | Shoals:2 | 23944 ||| Stepping ~*~*~tactically~*~*~ (outnumbered).
 24174 | Shoals:2 | 24174 ||| INVOKING Heroism.
 24361 | Shoals:2 | Noticed Ilsuiw
 24362 | Shoals:2 | 24362 ||| INVOKING Heroism.
 24364 | Shoals:2 | 24364 ||| INVOKING Finesse.
 24379 | Shoals:2 | Killed Ilsuiw
 24575 | Shoals:3 | 24575 ||| INVOKING Heroism.
 24881 | Shoals:3 | 24881 ||| INVOKING Heroism.
 24882 | Shoals:3 | 24882 ||| INVOKING Finesse.
 25072 | Shoals:3 | Noticed Louise
 25075 | Shoals:3 | Killed Louise
 25082 | Shoals:3 | 25082 ||| INVOKING Heroism.
 25100 | Shoals:3 | Received a gift from Okawaru
 25174 | Shoals:3 | 25174 ||| INVOKING Heroism.
 25181 | Shoals:3 | Noticed Polyphemus
 25186 | Shoals:3 | 25186 ||| Stepping ~*~*~tactically~*~*~ (cloud).
 25191 | Shoals:3 | 25191 ||| INVOKING Finesse.
 25193 | Shoals:3 | Killed Polyphemus
 25201 | Shoals:3 | Reached skill level 21 in Ranged Weapons
 25395 | Shoals:3 | Noticed a kraken
 25399 | Shoals:3 | Killed a kraken
 25491 | Shoals:4 | Entered Level 4 of the Shoals
 25512 | Shoals:4 | Reached XP level 18. HP: 116/116 MP: 27/27
 25793 | Shoals:4 | 25793 ||| Stepping ~*~*~tactically~*~*~ (outnumbered).
 25795 | Shoals:4 | 25795 ||| Stepping ~*~*~tactically~*~*~ (outnumbered).
 25797 | Shoals:4 | 25797 ||| Stepping ~*~*~tactically~*~*~ (outnumbered).
 25799 | Shoals:4 | 25799 ||| Stepping ~*~*~tactically~*~*~ (outnumbered).
 25801 | Shoals:4 | 25801 ||| Stepping ~*~*~tactically~*~*~ (outnumbered).
 25804 | Shoals:4 | 25804 ||| Stepping ~*~*~tactically~*~*~ (outnumbered).
 25806 | Shoals:4 | 25806 ||| Stepping ~*~*~tactically~*~*~ (outnumbered).
 25857 | Shoals:4 | 25857 ||| INVOKING Heroism.
 25867 | Shoals:4 | 25867 ||| INVOKING Finesse.
 26034 | Shoals:4 | 26034 ||| INVOKING Heroism.
 26045 | Shoals:4 | 26045 ||| INVOKING Finesse.
 26052 | Shoals:4 | Reached skill level 15 in Fighting
 26077 | Shoals:4 | Identified the +0 scale mail of the Vanishing Tables
                  | {Dex+4}
 26078 | Shoals:4 | 26078 ||| INVOKING Heroism.
 26212 | Shoals:4 | 26212 ||| INVOKING Heroism.
 26213 | Shoals:4 | 26213 ||| INVOKING Finesse.
 26295 | Shoals:4 | 26295 ||| INVOKING Heroism.
 26296 | Shoals:4 | 26296 ||| INVOKING Finesse.
 26420 | Shoals:4 | 26420 ||| DROPPING +1 ring mail of cold resistance.
 26555 | Shoals:3 | 26555 ||| DROPPING +1 hat.
 26556 | Shoals:3 | 26556 ||| PLANNING SPIDER:4
 26806 | Spider:4 | Entered Level 4 of the Spider Nest
 26807 | Spider:4 | 26807 ||| INVOKING Finesse.
 26810 | Spider:4 | 26810 ||| INVOKING Heroism.
 26870 | Spider:4 | 26870 ||| INVOKING Heroism.
 27009 | Spider:4 | 27009 ||| Stepping ~*~*~tactically~*~*~ (outnumbered).
 27043 | Spider:4 | Identified the +2 mace of Rofobiud {drain, +Blink rCorr
                  | Int-5 Dex+4}
 27051 | Spider:4 | Noticed Mara
 27052 | Spider:4 | 27052 ||| INVOKING Heroism.
 27059 | Spider:4 | 27059 ||| INVOKING Finesse.
 27066 | Spider:4 | Noticed qw's illusion
 27085 | Spider:4 | 27085 ||| Stepping ~*~*~tactically~*~*~ (outnumbered).
 27088 | Spider:4 | Killed Mara
 27088 | Spider:4 | Received a gift from Okawaru
 27150 | Spider:4 | 27150 ||| FLEEEEING.
 27153 | Spider:4 | 27153 ||| FLEEEEING.
 27155 | Spider:4 | 27155 ||| FLEEEEING.
 27156 | Spider:4 | 27156 ||| FLEEEEING.
 27157 | Spider:4 | 27157 ||| FLEEEEING.
 27158 | Spider:4 | 27158 ||| FLEEEEING.
 27159 | Spider:4 | 27159 ||| FLEEEEING.
 27160 | Spider:4 | 27160 ||| FLEEEEING.
 27161 | Spider:4 | 27161 ||| FLEEEEING.
 27162 | Spider:4 | 27162 ||| FLEEEEING.
 27163 | Spider:4 | 27163 ||| FLEEEEING.
 27164 | Spider:4 | 27164 ||| FLEEEEING.
 27165 | Spider:4 | 27165 ||| FLEEEEING.
 27166 | Spider:4 | 27166 ||| FLEEEEING.
 27288 | Spider:4 | 27288 ||| Stepping ~*~*~tactically~*~*~ (outnumbered).
 27343 | Spider:4 | 27343 ||| INVOKING Finesse.
 27563 | Spider:4 | 27563 ||| INVOKING Finesse.
 27585 | Spider:4 | 27585 ||| DRINKING 5 potions of resistance.
 27597 | Spider:4 | 27597 ||| INVOKING Heroism.
 27610 | Spider:4 | 27610 ||| Stepping ~*~*~tactically~*~*~ (outnumbered).
 27637 | Spider:4 | 27637 ||| INVOKING Heroism.
 27649 | Spider:4 | HP: 22/120 [disintegration (43)]
 27650 | Spider:4 | 27650 ||| READING 7 scrolls of teleportation.
 27651 | Spider:4 | 27651 ||| DRINKING 2 potions of heal wounds.
 27926 | Spider:4 | Noticed Mlioglotl
 27927 | Spider:4 | 27927 ||| INVOKING Heroism.
 27933 | Spider:4 | Killed Mlioglotl
 27951 | Spider:4 | 27951 ||| INVOKING Finesse.
 27979 | Spider:4 | 27979 ||| INVOKING Heroism.
 27983 | Spider:4 | Reached XP level 19. HP: 125/125 MP: 25/28
 28089 | Spider:4 | Got a gossamer rune of Zot
 28165 | Spider:4 | 28165 ||| PLANNING VAULTS:1-4
 28165 | Spider:4 | 28165 ||| DROPPING +0 pair of boots of rampaging.
 28166 | Spider:4 | 28166 ||| DROPPING scarf of shadows.
 28167 | Spider:4 | 28167 ||| DROPPING scarf of repulsion.
 28444 | Vaults:1 | Entered Level 1 of the Vaults
 28448 | Vaults:1 | Found Ynuil's General Store.
 28456 | Vaults:1 | 28456 ||| BUYING potion of enlightenment (85 gold).
 28456 | Vaults:1 | Bought a potion of enlightenment for 85 gold pieces
 28473 | Vaults:1 | 28473 ||| INVOKING Heroism.
 28474 | Vaults:1 | 28474 ||| INVOKING Finesse.
 28670 | Vaults:1 | Noticed Nikola
 28671 | Vaults:1 | 28671 ||| INVOKING Heroism.
 28672 | Vaults:1 | 28672 ||| INVOKING Finesse.
 28684 | Vaults:1 | HP: 21/126 [Nikola/arc of chain lightning (52)]
 28685 | Vaults:1 | 28685 ||| READING 6 scrolls of teleportation.
 28686 | Vaults:1 | 28686 ||| DRINKING potion of heal wounds.
 28688 | Vaults:1 | Killed Nikola
 28692 | Vaults:1 | 28692 ||| DRINKING 4 potions of resistance.
 28849 | Vaults:1 | 28849 ||| INVOKING Heroism.
 28867 | Vaults:1 | 28867 ||| INVOKING Finesse.
 29075 | Vaults:1 | 29075 ||| DRINKING 3 potions of resistance.
 29102 | Vaults:1 | 29102 ||| INVOKING Heroism.
 29225 | Vaults:1 | Identified the +5 scale mail of Melancholy {*Slow rElec
                  | rN++ rCorr Int+2} (Okawaru gifted it to you on level 1 of
                  | the Vaults)
 29225 | Vaults:1 | Received a gift from Okawaru
 29226 | Vaults:1 | 29226 ||| DRINKING 2 potions of resistance.
 29232 | Vaults:1 | 29232 ||| INVOKING Heroism.
 29236 | Vaults:1 | 29236 ||| Stepping ~*~*~tactically~*~*~ (outnumbered).
 29237 | Vaults:1 | 29237 ||| Stepping ~*~*~tactically~*~*~ (outnumbered).
 29238 | Vaults:1 | HP: 28/128 [vault warden/+3 war axe (14)]
 29239 | Vaults:1 | 29239 ||| READING 6 scrolls of teleportation.
 29240 | Vaults:1 | Demolished by a vault warden

Levels and vault maps discovered:
D:1:      minmay_arrival_pointy, layout_rooms
D:2:      minmay_roachtagon, layout_rooms, uniq_robin
D:3:      minmay_general_purpose_star, layout_rooms,
          ebering_ecumenical_altar_sacrificial, lightli_sewer_entry_pipes,
          serial_bayou_crossing
D:4:      layout_cave_pods, grunt_dithmenos_smoke, ebering_ghost_sewer_d,
          uniq_eustachio, uniq_duvessa
D:5:      layout_rooms, hangedman_decor_clover_reticule
D:6:      layout_gridville, grunt_ministairs_13, chequers_decorated_corner
D:7:      layout_basic, minmay_temple_entry_from_below_a, worms_lemuel
D:8:      layout_basic, minitemple, grunt_ministairs_7
D:9:      layout_irregular_city, mainiacjoe_overflow_boulevard
D:10:     layout_roguey, yredelemnul_forgotten_temple_becter, uniq_josephine
D:11:     layout_long_grid, lair_entry_dummy, hiddenorc2_lemuel, uniq_erica
D:12:     layout_irregular_city, chequers_serial_rivers_micro_d,
          blue_anna_alchemist
D:13:     layout_basic, erik_vaults_1, serial_shops, shop,
          nicolae_shop_back_alley_shop, shop, shop, nicolae_shop_rolling_square,
          gauntlet_entry_generic, vehumet_crystals, uniq_rupert
D:14:     layout_cross, serial_ice, serial_ice_c, serial_ice_i, serial_ice_a,
          serial_ice_o, serial_ice_h, portal_ice_cave_entry_ice_simulacra,
          hangedman_decor_push
D:15:     grunt_enter_depths_hoard, layout_long_grid, nicolae_the_louvre,
          nicolae_shop_overcharged_wands, uniq_agnes
Temple:   minmay_freezing_vapour_temple
Lair:1:   wad_woods_minihive, layout_long_grid, uniq_harold
Lair:2:   layout_layer_cave, spider_nest_entry_webs,
          chequers_serial_rivers_large_a, bobbens_dragon_lair_wall
Lair:3:   layout_long_grid, minmay_shoals_entry_lonely_mermaid, nzn_random_ring
Lair:4:   layout_cave_pods, slime_entry_1
Lair:5:   gammafunk_lair_ancient_temple, layout_regular_city,
          grunt_forest_large_clearings, serial_bayou_shore_b
Shoals:1: layout_shoals, nicolae_shoals_seven_spires
Shoals:2: layout_shoals, lemuel_oklob_altar, uniq_ilsuiw
Shoals:3: layout_shoals, nicolae_shoals_hidden_pirate_stash, uniq_polyphemus,
          uniq_louise
Shoals:4: shoals_end_hangedman, layout_shoals, nicolae_shoals_hunting_party
Spider:1: layout_chambers
Spider:2: layout_chambers, gammafunk_ghost_arena, nicolae_spider_cling_halls,
          uniq_arachne, uniq_donald, uniq_aizul
Spider:3: layout_spider_delve, nicolae_spider_circle_web
Spider:4: guppyfry_spider_rune, uniq_mara, uniq_mlioglotl
Orc:1:    layout_caves, nicolae_orc_damp_corner, elves_outpost_lemuel,
          uniq_erolcha, uniq_nergalle
Orc:2:    st_orc_elflike, layout_diamond_mine
Vaults:1: grunt_vaults_diagonal, nicolae_vaults_cornered_office,
          nicolae_vaults_closet_pinwheel_6, nicolae_vaults_border_crossing,
          grunt_vaults_trifunnel, nicolae_vaults_tangram_2,
          nicolae_vaults_little_squares_4, st_smaller_cells,
          hangedman_vaults_cutoff, v_misc_16, nicolae_vaults_diamond_1,
          hangedman_vaults_pinch, ontoclasm_vaults_twist,
          layout_vaults_omnicross, serial_shops, nicolae_shop_hallway_plus,
          uniq_nikola

Skill      XL: |  1  2  3  4  5  6  7  8  9 10 11 12 13 14 15 16 17 18 19 |
---------------+----------------------------------------------------------+-----
Ranged Weapons | 6 7 8 9 10 12 14 16 18 21 22 | 22.0
Fighting       | 2 3 4 5 7 8 10 11 12 14 16 17 | 17.0
Dodging        | 3 5 7 8 12 13 15 17 19 22 | 22.0
Armour         | 1 2 3 4 5 6 8 9 10 11 | 11.0
Invocations    | 4 9 10 | 10.0
Stealth        | |  1.2

Action                     |  1- 3 |  4- 6 |  7- 9 | 10-12 | 13-15 | 16-18 | 19-21 || total
---------------------------+-------+-------+-------+-------+-------+-------+-------++-------
   Fire: Shortbow          |   126 |       |       |       |       |       |       ||   126
         Arbalest          |     2 |    54 |   148 |   327 |   432 |  1098 |   147 ||  2208
 Invoke: Heroism           |       |       |       |    22 |    20 |    39 |     5 ||    86
         Finesse           |       |       |       |       |     8 |    19 |     3 ||    30
    Use: Scroll            |     6 |     6 |    10 |     2 |     5 |     4 |     2 ||    35
         Potion            |     1 |     2 |     1 |       |     4 |     3 |     4 ||    15
 Armour: Leather armour    |    15 |       |       |       |       |       |       ||    15
         Scale mail        |       |     4 |       |       |       |       |       ||     4
         Ring mail         |       |     1 |    10 |    11 |    21 |    80 |     9 ||   132
  Dodge: Dodged            |    41 |     5 |    32 |    70 |   204 |   549 |   100 ||  1001

Table legend:
 A = Non-vault XP
 B = Vault XP
 C = Vault XP percentage of total XP
 D = Non-vault monster count
 E = Vault monster count
 F = Vault count percentage of total count
                 A         B        C        D         E       F
            +---------+---------+-------+---------+---------+-------
      Total |  225196 |  148978 |  39.8 |     851 |     378 |  30.8
            +---------+---------+-------+---------+---------+-------
        D:1 |      22 |       0 |   0.0 |      14 |       0 |   0.0
        D:2 |      14 |      56 |  80.0 |       9 |      23 |  71.9
        D:3 |      70 |     122 |  63.5 |      19 |      13 |  40.6
        D:4 |     903 |     407 |  31.1 |      37 |       3 |   7.5
        D:5 |     282 |       0 |   0.0 |      15 |       0 |   0.0
        D:6 |    1268 |     136 |   9.7 |      33 |       2 |   5.7
        D:7 |    1119 |     329 |  22.7 |      24 |       2 |   7.7
        D:8 |    1616 |     187 |  10.4 |      16 |       2 |  11.1
        D:9 |    2404 |       0 |   0.0 |      21 |       0 |   0.0
       D:10 |    2859 |    1771 |  38.3 |      15 |       6 |  28.6
       D:11 |    4182 |    1279 |  23.4 |      33 |      33 |  50.0
       D:12 |    6810 |      92 |   1.3 |      22 |       1 |   4.3
       D:13 |   10338 |    3799 |  26.9 |      24 |       6 |  20.0
       D:14 |    4293 |    2546 |  37.2 |      10 |      14 |  58.3
       D:15 |    5648 |    3229 |  36.4 |      16 |       3 |  15.8
     Lair:1 |    4637 |    2846 |  38.0 |      22 |      33 |  60.0
     Lair:2 |    3256 |    5733 |  63.8 |      16 |      21 |  56.8
     Lair:3 |   13153 |    6975 |  34.7 |      28 |      19 |  40.4
     Lair:4 |    8743 |       0 |   0.0 |      39 |       0 |   0.0
     Lair:5 |    7456 |    9635 |  56.4 |      26 |      26 |  50.0
   Shoals:1 |    9655 |       0 |   0.0 |      22 |       0 |   0.0
   Shoals:2 |   11110 |    3916 |  26.1 |      26 |       6 |  18.8
   Shoals:3 |   15802 |    5898 |  27.2 |      26 |       6 |  18.8
   Shoals:4 |   11490 |   24990 |  68.5 |      20 |      42 |  67.7
   Spider:1 |   16013 |       0 |   0.0 |      49 |       0 |   0.0
   Spider:2 |   13530 |    4665 |  25.6 |      32 |       3 |   8.6
   Spider:3 |   21200 |       0 |   0.0 |      65 |       0 |   0.0
   Spider:4 |   28026 |   30172 |  51.8 |      82 |      39 |  32.2
      Orc:1 |    5868 |    7758 |  56.9 |      54 |      12 |  18.2
      Orc:2 |    1460 |    8277 |  85.0 |      15 |      25 |  62.5
   Vaults:1 |   11969 |   19824 |  62.4 |      21 |      26 |  55.3
   Gauntlet |       0 |    4336 | 100.0 |       0 |      12 | 100.0
            +---------+---------+-------+---------+---------+-------
